 Dungeon Sprint DCSS version 0.29-a0-284-gf9362112df (webtiles) character file.

Game seed: 12183093230243425435

8143 mhtbhm the Severer (level 11, 0/181 HPs)
             Began as a Minotaur Berserker on Mar 19, 2022.
             Was the Champion of Trog.
             Slain by an orc warrior
             ... wielding a +0 halberd
              (25 damage)
             ... while paralysed by an orc sorcerer
             ... in the Dungeon (Sprint III: "The Ten Rune Challenge").
             The game lasted 00:03:39 (3609 turns).

mhtbhm the Severer (Minotaur Berserker)             Turns: 3609, Time: 00:03:39

Health: 0/181      AC: 11    Str: 25    XL:     11   Next: 6%
Magic:  10/10      EV:  2    Int:  4    God:    Trog [******]
Gold:   23         SH:  0    Dex: 11    Spells: 10/10 levels left

rFire   . . .      SeeInvis .   a - +1 battleaxe (flame)
rCold   . . .      Faith    .   (shield currently unavailable)
rNeg    . . .      Spirit   .   b - +0 chain mail
rPois   .          Reflect  .   (helmet restricted)
rElec   .          Harm     .   (no cloak)
rCorr   .          Rampage  .   (no gloves)
Will    .....      NoTele   +   (no boots)
Stlth   ..........              (no amulet)
HPRegen 0.40/turn               (no ring)
MPRegen 0.12/turn               (no ring)

@: paralysed, berserking
A: horns 2, retaliatory headbutt
a: Renounce Religion, Berserk, Trog's Hand, Brothers in Arms


You were in the Dungeon.
You worshipped Trog.
Trog was exalted by your worship.
You visited 1 branch You collected 23 gold pieces.

Inventory:

Hand Weapons
 a - a +1 battleaxe of flaming (weapon)
 s - a +1 vorpal executioner's axe
Missiles
 i - 9 javelins (quivered)
Armour
 b - a +0 chain mail (worn)
Wands
 q - a wand of iceblast (4)
Scrolls
 h - a scroll of blinking
 j - a scroll of immolation {unknown}
 k - a scroll of acquirement {unknown}
 n - a scroll of torment {unknown}
 o - a scroll of identify {unknown}
Potions
 c - 2 potions of curing
 d - a potion of heal wounds
 e - a potion of haste
 f - 2 potions of magic
 g - a potion of berserk rage
 l - a potion of invisibility {unknown}
 m - 3 potions of flight
 p - 5 potions of mutation
Miscellaneous
 r - a tin of tremorstones (inert)


   Skills:
 + Level 18.5 Fighting
 + Level 19.1 Axes
 + Level 8.5 Armour
 + Level 12.5 Dodging
 + Level 7.4 Stealth
 + Level 0.7 Evocations


You had 10 spell levels left.
You didn't know any spells.
Your spell library was empty.

Dungeon Overview and Level Annotations

Branches:
Dungeon (1/1)

Altars:
Cheibriados
Dithmenos
Elyvilon
Fedhas
Gozag
Hepliaklqana
Kikubaaqudgha
Makhleb
Nemelex Xobeh
Okawaru
Qazlal
Ru
Sif Muna
Trog
Uskayaw
Vehumet
Wu Jian
Xom
Yredelemnul
Zin
The Shining One
Beogh
Jiyva
Lugonu


Innate Abilities, Weirdness & Mutations

You have a pair of horns on your head.
You reflexively headbutt those who attack you in melee.


Message History

The orc knight unwields a +0 war axe.
The orc knight wields a +0 arbalest.
The orc knight shoots a bolt.
The bolt hits you!
Unknown command.
Unknown command.
Unknown command.
The tin of tremorstones is presently inert.
Unknown command.
Unknown command.
Okay, then.
A red film seems to cover your vision as you go berserk!
You feel yourself moving faster!
You feel mighty!
The orc sorcerer gestures wildly while chanting.
You closely miss the orc sorcerer.
The orc sorcerer is moderately wounded.
The orc warrior barely misses you. The orc sorcerer casts a spell at you.
You suddenly lose the ability to move!
The orc sings a few bars from the Orcish anthem.
The orc knight roars a battlecry!
The orcs go into a battle-frenzy!
The orc warrior hits you from afar with a +0 halberd!
The orc sorcerer gestures at you while chanting.
The bolt of fire hits you!
The orc knight shoots a bolt.
The bolt hits you!
The orc sorcerer hits you with a +0 dagger.
The orc warrior hits you but does no damage.
The orc priest calls upon Beogh to heal the orc warrior.
The orc warrior is healed somewhat.
The ice devil hits you! The ice devil freezes you!
The orc sorcerer hits you with a +0 dagger!
The orc warrior hits you from afar with a +0 halberd!
The ice devil hits you. The ice devil freezes you!
The orc sorcerer points at you and mumbles some strange words.
The bolt of fire hits you!!
* * * LOW HITPOINT WARNING * * *
The orc warrior hits you but does no damage.
The orc priest looks encouraged for a moment.
The ice devil hits you but does no damage.
The orc warrior hits you from afar with a +0 halberd!!
You die...

▓▓▓ ▓▓▓ ♣.############ #$$#
♣.#___#___#__###$$)##$
♣♣.#.).#__.#._#o...)...
♣♣..###'#'###)##ooo)....
.♣♣.#..........#4oooo...
.♣..'.⌠........#@#
≈...#...######'#$#
....#.⌠.#__#...#'################
....#...#__#...#..§§§§.#.'...'.#.
....#'###__#...#.#§§§#.#.#.).##.#
....#)):#__#...'.#.§.#.#.#.).#.#.
....#___#__'...#.#§).#...#.).##.#
▓▓▓▓▓▓▓▓▓▓▓▓▓▓▓▓▓▓▓▓▓▓▓▓▓▓▓▓▓#.#.
♣.....♣♣♣♣)≈≈........≈≈≈...##.#


You could see an orc knight, an ice devil (summoned), an orc sorcerer (strong),
an orc warrior (strong), an orc priest (strong), an orc wizard (strong) and 3
orcs.

Vanquished Creatures
  Erica (D)
  A centaur warrior (D)
  Urug (D)
  A lindwurm (D)
  A deep elf pyromancer (D)
  2 cane toads (D)
  A rime drake (D)
  An unseen horror (D)
  A komodo dragon (D)
  3 wandering mushrooms (D)
  A queen bee (D)
  2 tyrant leeches (D)
  A shadow (D)
  3 redbacks (D)
  A spatial vortex (D)
  A swamp drake (D)
  2 centaurs (D)
  An earth elemental (D)
  A necrophage (D)
  A scorpion (D)
  A water elemental (D)
  32 killer bees (D)
  3 orc priests (D)
  A jelly (D)
  Jessica (D)
  A wizard (D)
  A necromancer (D)
  3 humans (D)
  A kobold demonologist (D)
  6 orcs (D)
  3 rats (D)
80 creatures vanquished.

Notes
Turn   | Place    | Note
-------+----------+-------------------------------------------
     0 | D        | mhtbhm the Minotaur Berserker began the quest for the Orb.
     0 | D        | Reached XP level 1. HP: 19/19 MP: 0/0
     6 | D        | Reached skill level 4 in Axes
    64 | D        | Noticed Jessica
    65 | D        | Reached ** piety under Trog
    67 | D        | Killed Jessica
    68 | D        | Reached skill level 5 in Fighting
    68 | D        | Reached skill level 5 in Axes
    68 | D        | Reached XP level 2. HP: 22/30 MP: 1/1
   210 | D        | Reached skill level 6 in Axes
   210 | D        | Reached XP level 3. HP: 37/37 MP: 2/2
   263 | D        | Noticed a scorpion
   267 | D        | Killed a scorpion
   268 | D        | Reached skill level 7 in Axes
   268 | D        | Reached XP level 4. HP: 48/48 MP: 3/3
   339 | D        | Noticed a water elemental
   344 | D        | Killed a water elemental
   344 | D        | Reached *** piety under Trog
   345 | D        | Reached skill level 8 in Axes
   345 | D        | Reached XP level 5. HP: 56/56 MP: 4/4
   405 | D        | Found a basalt altar of Yredelemnul.
   405 | D        | Found a shadowy altar of Dithmenos.
   405 | D        | Found a sacrificial altar of Ru.
   409 | D        | Reached skill level 9 in Axes
   412 | D        | Reached skill level 5 in Armour
   412 | D        | Reached skill level 5 in Dodging
   456 | D        | Found a hide-covered altar of Uskayaw.
   456 | D        | Found an iron altar of Okawaru.
   456 | D        | Found a bloodstained altar of Trog.
   456 | D        | Found an ornate altar of the Wu Jian Council.
   456 | D        | Noticed a human
   457 | D        | Noticed a human
   467 | D        | Killed a human
   468 | D        | Reached skill level 10 in Fighting
   468 | D        | Reached skill level 11 in Axes
   468 | D        | Reached XP level 6. HP: 59/67 MP: 5/5
   468 | D        | Killed a human
   468 | D        | Reached **** piety under Trog
   469 | D        | Reached skill level 1 in Stealth
   469 | D        | Reached XP level 7. HP: 65/74 MP: 6/6
   579 | D        | Found a radiant altar of Vehumet.
   579 | D        | Found a shimmering blue altar of Sif Muna.
   579 | D        | Found an ancient bone altar of Kikubaaqudgha.
   584 | D        | Reached skill level 12 in Axes
   587 | D        | Noticed a red devil
   847 | D        | Found a glowing silver altar of Zin.
   847 | D        | Found a glowing golden altar of the Shining One.
   847 | D        | Found a white marble altar of Elyvilon.
   848 | D        | Noticed a deep elf pyromancer
   853 | D        | Killed a deep elf pyromancer
   854 | D        | Reached skill level 13 in Axes
   905 | D        | Reached ***** piety under Trog
   909 | D        | Noticed a shadow
   918 | D        | Killed a shadow
   919 | D        | Reached skill level 14 in Axes
   919 | D        | Reached XP level 8. HP: 45/86 MP: 7/7
   986 | D        | Found a blossoming altar of Fedhas.
   986 | D        | Found a stormy altar of Qazlal.
   986 | D        | Found a snail-covered altar of Cheibriados.
   986 | D        | Found a burning altar of Makhleb.
   986 | D        | Found a shimmering altar of Xom.
   987 | D        | Found a hazy altar of Hepliaklqana.
   987 | D        | Found an opulent altar of Gozag.
   987 | D        | Found a sparkling altar of Nemelex Xobeh.
   987 | D        | Found a corrupted altar of Lugonu.
   987 | D        | Found a viscous altar of Jiyva.
   996 | D        | Received a gift from Trog
  1098 | D        | Noticed Erica
  1106 | D        | Killed Erica
  1107 | D        | Reached skill level 15 in Axes
  1385 | D        | Noticed a centaur warrior
  1391 | D        | Reached XP level 9. HP: 39/96 MP: 8/8
  1391 | D        | Killed a centaur warrior
  1392 | D        | Reached skill level 15 in Fighting
  1392 | D        | Reached skill level 16 in Axes
  1688 | D        | Killed an unseen horror
  1912 | D        | Noticed a wandering mushroom
  1916 | D        | Noticed a wandering mushroom
  1918 | D        | Noticed a wandering mushroom
  1922 | D        | Killed a wandering mushroom
  1935 | D        | Reached skill level 17 in Axes
  1941 | D        | Reached skill level 10 in Dodging
  2027 | D        | Noticed a cane toad
  2027 | D        | Noticed a komodo dragon
  2027 | D        | Noticed a cane toad
  2031 | D        | Killed a cane toad
  2031 | D        | Received a gift from Trog
  2034 | D        | Killed a cane toad
  2035 | D        | Reached XP level 10. HP: 108/108 MP: 9/9
  2093 | D        | Reached skill level 18 in Axes
  2093 | D        | Reached skill level 5 in Stealth
  2831 | D        | Noticed a lindwurm
  2848 | D        | Killed a lindwurm
  2848 | D        | Received a gift from Trog
  3192 | D        | Noticed Urug
  3198 | D        | Killed Urug
  3410 | D        | Reached ****** piety under Trog
  3410 | D        | Received a gift from Trog
  3410 | D        | Received a gift from Trog
  3413 | D        | Received a gift from Trog
  3414 | D        | Reached skill level 19 in Axes
  3415 | D        | Reached XP level 11. HP: 98/121 MP: 10/10
  3601 | D        | Noticed an orc sorcerer
  3601 | D        | Noticed an orc knight
  3602 | D        | Received a gift from Trog
  3604 | D        | Paralysed by an orc sorcerer for 5 turns
  3609 | D        | Slain by an orc warrior

Illustrated notes

Levels and vault maps discovered:
D:        dungeon_sprint_mu [sprint_mu_entry_forest, sprint_mu_temple_rooms,
          sprint_mu_d1_horrors, sprint_mu_d2_genie, sprint_mu_d3_branching,
          sprint_mu_orc_legion, sprint_mu_elf_gauntlet, sprint_mu_hive_nellie,
          sprint_mu_lair_fedhas, sprint_mu_vaults_butterflies,
          sprint_mu_slime_circle, sprint_mu_swamp_cave, sprint_mu_snake_twists,
          sprint_mu_blade_basic, sprint_mu_crypt_chambers,
          sprint_mu_tomb_spiral, sprint_mu_vestibule_basic,
          sprint_mu_gehenna_hellfire, sprint_mu_dis_giant,
          sprint_mu_tartarus_statrot, sprint_mu_cocytus_islands, sprint_mu_zot1]

Skill      XL: |  1  2  3  4  5  6  7  8  9 10 |
---------------+-------------------------------+-----
Fighting       | 5 6 7 8 10 11 13 14 16 18 | 18.5
Axes           | 5 6 7 8 11 14 15 17 19 | 19.1
Armour         | 3 4 5 6 7 8 |  8.5
Dodging        | 3 4 5 6 7 8 10 12 | 12.5
Stealth        | 1 2 4 7 |  7.4
Evocations     | |  0.7

Action                   |  1- 3 |  4- 6 |  7- 9 | 10-12 || total
-------------------------+-------+-------+-------+-------++-------
Melee: Hand axe          |    12 |    19 |    79 |    78 ||   188
       Headbutt          |     2 |     2 |    17 |    20 ||    41
       Punch             |       |       |     1 |       ||     1
       Battleaxe         |       |       |       |     1 ||     1
Invok: Berserk           |     2 |     3 |     5 |     3 ||    13
Evoke: Tin of tremorston |       |       |       |     4 ||     4
  Use: Potion            |       |       |       |     2 ||     2
 Stab: Sleeping          |       |       |       |     4 ||     4
Armor: Animal skin       |     1 |     1 |     6 |     2 ||    10
       Chain mail        |       |       |       |     7 ||     7
Dodge: Dodged            |     6 |    11 |    32 |    42 ||    91

Table legend: (Time is in decaauts)
 A = Elapsed time spent in this place.
 B = Non-inter-level travel time spent in this place.
 C = Inter-level travel time spent in this place.
 D = Time resting spent in this place.
 E = Time spent auto-exploring this place.
 F = Levels seen in this place.
 G = Mean time per level.
                   A        B        C        D        E       F      G
               +--------+--------+--------+--------+--------+-----+--------+
         Total |   3684 |   3684 |      0 |   3087 |      8 |   1 | 3684.0 |
       Dungeon |   3684 |   3684 |      0 |   3087 |      8 |   1 | 3684.0 |
               +--------+--------+--------+--------+--------+-----+--------+

Top non-repeatable levels by time:
       D: 3684 daAuts
